 Dungeon Crawl Stone Soup version 0.22-a0-897-g1b7a381375 (webtiles) character file.

2 IcyTea the Firebug (level 1, -1/13 HPs)
             Began as a Demonspawn Fire Elementalist on July 31, 2018.
             Slain by a kobold (2 damage)
             ... on level 1 of the Dungeon.
             The game lasted 00:01:32 (72 turns).

IcyTea the Firebug (Demonspawn Fire Elementalist)     Turns: 72, Time: 00:01:33

Health: -1/13      AC:  2    Str:  8    XL:     1   Next: 33%
Magic:  0/3        EV: 12    Int: 16    God:
Gold:   0          SH:  0    Dex: 13    Spells: 3/4 levels left

rFire    . . .     SeeInvis .   (no weapon)
rCold    . . .     Gourm    .   (no shield)
rNeg     . . .     Faith    .   a - +0 robe
rPois    .         Spirit   .   (no helmet)
rElec    .         Reflect  .   (no cloak)
rCorr    .         Harm     .   (no gloves)
MR       .....                  (no boots)
Stlth    ++........             (no amulet)
HPRegen  0.04/turn              (no ring)
MPRegen  0.08/turn              (no ring)

@: very slightly contaminated
A: no striking features
a: no special abilities


You were on level 1 of the Dungeon.
You were not hungry.

You visited 1 branch of the dungeon, and saw 1 of its levels.

Inventory:

Armour
 a - a +0 robe (worn)
Comestibles
 c - a ration


   Skills:
 - Level 1.7 Dodging
 - Level 1.7 Stealth
 - Level 2.0 Spellcasting
 - Level 1.0 Conjurations
 + Level 2.9 Fire Magic


You had 3 spell levels left.
You knew the following spells:

 Your Spells              Type           Power        Failure   Level  Hunger
a - Flame Tongue          Conj/Fire      #....        10%         1    #......

Your spell library contained the following spells:

 Spells                   Type           Power        Failure   Level  Hunger
 Fireball                 Conj/Fire      #.........   95%         5    ######.
 Conjure Flame            Conj/Fire      #.......     28%         3    ###....
 Throw Flame              Conj/Fire      #.....       14%         2    ###....
 Sticky Flame             Conj/Fire      #.......     67%         4    #####..
 Inner Flame              Hex/Fire       #.......     34%         3    ###....


Dungeon Overview and Level Annotations

Branches:
Dungeon (1/15)

Altars:


Message History

The bat hits you but does no damage. The kobold barely misses you.
The kobold barely misses you. The rat bites you but does no damage.
The kobold barely misses you.
You closely miss the kobold. The kobold barely misses you.
You hit the kobold but do no damage. The kobold closely misses you.
You barely miss the kobold. The kobold hits you.
* * * LOW HITPOINT WARNING * * *
Casting: Flame Tongue (safe; 10% risk of failure)
Confirm with . or Enter, or press ? or * to list all spells.
Aiming: Flame Tongue (safe; 10% risk of failure)
Press: ? - help, Shift-Dir - straight line, f - goblin
Aim: a goblin, wielding a club You miscast Flame Tongue.
You are very lightly contaminated with residual magic.
You have a brief vision of globes of primordial fire.
The kobold closely misses you.
You barely miss the kobold. The kobold hits you.
* * * LOW HITPOINT WARNING * * *
You hit the kobold but do no damage. The kobold hits you.
You die...

####### #.....# ##.8.8.##
#.......# ###......8#
#<#..###..## .
#.#..#l#...# ..
#.#..#b#..8### ...
#.#..#l#..@Kr# ....
#.#..#w#..8#g# .....
#.#..#h#...#.#######......
#.#..###..##.g.g..........
#........8##.###b.##......
#.........##.#....##......
##...8.8.###.#.##>........
#.......# #......#.......
######### #.#.##.#.######


You could see a goblin, a kobold and a rat.

Vanquished Creatures
  A jackal (D:1)
  2 frilled lizards (D:1)
3 creatures vanquished.

Notes
Turn   | Place    | Note
-------+----------+-------------------------------------------
     0 | D:1      | IcyTea the Demonspawn Fire Elementalist began the quest for the Orb.
     0 | D:1      | Reached XP level 1. HP: 13/13 MP: 3/3
     6 | D:1      | Noticed a wyvern
     6 | D:1      | Noticed a swamp worm
     6 | D:1      | Noticed a hog
    72 | D:1      | Slain by a kobold

Vault maps used:
D:1:      onia_arrival_zoo_common, serial_forest, infiniplex_forest_lined_3,
          infiniplex_forest_3_way, infiniplex_forest_lined_corner,
          infiniplex_forest_straight_2, infiniplex_forest_clump_small,
          infiniplex_forest_clump_double, infiniplex_forest_lined_room_2,
          infiniplex_forest_end_1, hangedman_decor_clover_reticule,
          minmay_small_reverse_x

Action                   || total
-------------------------++-------
Melee: Unarmed           ||    11
 Cast: Flame Tongue      ||     4
Armor: Robe              ||     4
Dodge: Dodged            ||    12

Table legend:
 A = Spawn XP
 B = Non-spawn XP
 C = Spawn XP percentage of total XP
 D = Spawn monster count
 E = Non-spawn monster count
 F = Spawn count percentage of total count
 G = Total turns spent on level
                    A         B        C        D         E        F      G
               +---------+---------+-------+---------+---------+-------+---------
         Total |       0 |       4 |   0.0 |       0 |       3 |   0.0 |    72
               +---------+---------+-------+---------+---------+-------+---------
           D:1 |       0 |       4 |   0.0 |       0 |       3 |   0.0 |    72
               +---------+---------+-------+---------+---------+-------+---------
